 Dungeon Crawl Stone Soup version 0.24-a0-520-g8fd06ad0bc (webtiles) character file.

Game seed: 14567236922240106711

311 Oravi the Gusty (level 6, 0/37 HPs)
             Began as a Tengu Air Elementalist on July 24, 2019.
             Shot with an arrow by a centaur (9 damage)
             ... on level 3 of the Dungeon.
             The game lasted 00:15:08 (3500 turns).

Oravi the Gusty (Tengu Air Elementalist)            Turns: 3500, Time: 00:15:08

Health: 0/37       AC:  5    Str:  8    XL:     6   Next: 42%
Magic:  6/10       EV: 13    Int: 18    God:
Gold:   104        SH:  0    Dex: 14    Spells: 3/9 levels left

rFire    . . .     SeeInvis .   q - +0 falchion
rCold    . . .     Gourm    .   (no shield)
rNeg     . . .     Faith    .   f - +0 ring mail
rPois    .         Spirit   .   (helmet restricted)
rElec    .         Reflect  .   (no cloak)
rCorr    .         Harm     .   (no gloves)
MR       .....                  (boots unavailable)
Stlth    +.........             m - amulet of the acrobat
HPRegen  0.12/turn              (no ring)
MPRegen  0.12/turn              (no ring)

@: flying quickly and evasively, quick
A: beak, talons 3, able to fly
a: Stop Flying


You were on level 3 of the Dungeon.
You were not hungry.

You visited 1 branch of the dungeon, and saw 3 of its levels.

You collected 104 gold pieces.

Inventory:

Hand Weapons
 l - a +0 spear
 q - a +0 falchion (weapon)
Missiles
 d - 81 arrows
 o - a throwing net (quivered) {!f}
Armour
 a - a +0 robe
 f - a +0 ring mail (worn)
Jewellery
 m - an amulet of the acrobat (around neck)
Scrolls
 h - 3 scrolls of remove curse {@r2}
 i - a scroll of fog {unknown}
 j - 2 scrolls of enchant weapon {unknown}
 n - a scroll of identify {@r1}
 p - a scroll of fear {unknown}
Potions
 e - 3 potions of curing {@q1}
 g - a potion of might
 k - 2 potions of lignification
Comestibles
 b - a chunk of flesh
 c - 4 rations


   Skills:
 * Level 3.3 Fighting
 * Level 0.2 Long Blades
 + Level 2.4 Armour
 + Level 3.4 Dodging
 - Level 2.0 Stealth
 - Level 2.0 Spellcasting
 + Level 3.5 Conjurations
 + Level 5.2 Air Magic


You had 3 spell levels left.
You knew the following spells:

 Your Spells              Type           Power        Failure   Level  Hunger
a - Shock                 Conj/Air       ###.         9%          1    #......
b - Swiftness             Chrm/Air       ##......     26%         2    ###....
c - Static Discharge      Conj/Air       ###.....     26%         3    ###....

Your spell library contained the following spells:

 Spells                   Type           Power        Failure   Level  Hunger
 Airstrike                Air            ###.......   52%         4    #####..
 Lightning Bolt           Conj/Air       ###.......   94%         5    ######.


Dungeon Overview and Level Annotations

Branches:
Dungeon (3/15)

Altars:
Ashenzari
Cheibriados
Dithmenos
Ru
Xom


Innate Abilities, Weirdness & Mutations

You have a beak for a mouth.
You have claws for feet.
You can fly continuously.


Message History

The arrow barely misses you.
Casting: Shock (safe; 9% risk of failure)
Aiming: Shock (safe; 9% risk of failure)
Aim: a centaur, wielding a +0 shortbow The zap hits the centaur.
The centaur is lightly wounded.
The centaur shoots an arrow.
The arrow barely misses you.
Casting: Shock (safe; 9% risk of failure)
Aiming: Shock (safe; 9% risk of failure)
Aim: a centaur, wielding a +0 shortbow (lightly wounded)
The zap hits the centaur.
The centaur is moderately wounded.
The centaur shoots an arrow.
The arrow barely misses you.
Casting: Shock (safe; 9% risk of failure)
Aiming: Shock (safe; 9% risk of failure)
Aim: a centaur, wielding a +0 shortbow (moderately wounded)
The zap misses the centaur.
The centaur shoots an arrow.
The arrow hits you!
* * * LOW HITPOINT WARNING * * *
The centaur shoots an arrow.
The arrow hits you!
You die...

##.# #.# ##.# #.#
### .#.## #.# ...#
....# #.######.
.... .
.#..#####........
... ..
##.>......#######
#.# ##...
#.########
##########.##.....
#.# ##)##
#..(≈≈≈c...#......
#.# ##.#)##
#@#'###'#.........
#.###.###)#####.###
####(#..... #....##
##[.....#
#.#.......
#####.###.#######
... ....... ##.#.##
#... g#..... ##.##
#### ##.###. ### #


You could see a centaur.

Vanquished Creatures
  A scorpion (D:1)
  An orc priest (D:2)
  2 orc wizards
  8 gnolls
  4 adders
  A dart slug (D:2)
  2 leopard geckos (D:2)
  12 orcs
  A ball python (D:2)
  9 bats
  3 giant cockroaches
  7 goblins
  5 hobgoblins
  2 frilled lizards
  3 kobolds
  5 rats
66 creatures vanquished.

Notes
Turn   | Place    | Note
-------+----------+-------------------------------------------
     0 | D:1      | Oravi the Tengu Air Elementalist began the quest for the
                  | Orb.
     0 | D:1      | Reached XP level 1. HP: 10/10 MP: 4/4
   261 | D:1      | Reached XP level 2. HP: 15/16 MP: 1/6
   265 | D:1      | Learned a level 2 spell: Swiftness
   554 | D:1      | Found a shadowy altar of Dithmenos.
  1004 | D:2      | Reached skill level 1 in Fighting
  1004 | D:2      | Reached skill level 1 in Armour
  1004 | D:2      | Reached XP level 3. HP: 20/20 MP: 0/7
  1085 | D:2      | Learned a level 3 spell: Static Discharge
  1509 | D:2      | Reached XP level 4. HP: 26/26 MP: 0/8
  1952 | D:2      | Found a sacrificial altar of Ru.
  2158 | D:1      | Gained mutation: You can fly continuously. [Tengu growth]
  2158 | D:1      | Reached XP level 5. HP: 26/31 MP: 0/9
  2284 | D:2      | Found a shimmering altar of Xom.
  2285 | D:2      | Found a snail-covered altar of Cheibriados.
  2420 | D:2      | Found a shattered altar of Ashenzari.
  2472 | D:2      | Reached skill level 5 in Air Magic
  2586 | D:2      | Reached XP level 6. HP: 36/37 MP: 3/10
  3500 | D:3      | Shot with an arrow by a centaur

Levels and vault maps discovered:
D:1:      sevenhm_arrival_forest_fort_small_6, layout_rooms, st_stairs_3,
          minmay_misc_feat_plants, kennysheep_doodads
D:2:      layout_rooms, lemuel_doored_altar,
          gammafunk_temple_overflow_forgotten, minmay_bisected
D:3:      layout_loops_ring, first_ration, corexii_corridor_pit,
          minmay_misc_feat_room, minmay_misc_feat_nine_boxes,
          kennysheep_generic_room_5

Skill      XL: |  1  2  3  4  5 |
---------------+----------------+-----
Fighting       | 1 2 3 |  3.3
Armour         | 1 2 |  2.4
Conjurations   | 2 3 |  3.5
Dodging        | 3 |  3.4
Air Magic      | 5 |  5.2
Long Blades    | |  0.2
Stealth        | |  2.0
Spellcasting   | |  2.0

Action                   |  1- 3 |  4- 6 || total
-------------------------+-------+-------++-------
Melee: Unarmed           |     7 |       ||     7
       Kick              |     1 |     1 ||     2
       Spear             |       |     9 ||     9
 Cast: Shock             |    69 |    99 ||   168
 Abil: Fly               |       |     1 ||     1
  Use: Scroll            |     4 |       ||     4
  Eat: Chunk             |     1 |    10 ||    11
Armor: Robe              |     3 |       ||     3
       Ring mail         |       |     8 ||     8
Dodge: Dodged            |     7 |    25 ||    32

Table legend:
 A = Non-vault XP
 B = Vault XP
 C = Vault XP percentage of total XP
 D = Non-vault monster count
 E = Vault monster count
 F = Vault count percentage of total count
                 A         B        C        D         E       F
            +---------+---------+-------+---------+---------+-------
      Total |     439 |       6 |   1.3 |      62 |       4 |   6.1
            +---------+---------+-------+---------+---------+-------
        D:1 |     131 |       3 |   2.2 |      15 |       2 |  11.8
        D:2 |     203 |       3 |   1.5 |      27 |       2 |   6.9
        D:3 |     105 |       0 |   0.0 |      20 |       0 |   0.0
            +---------+---------+-------+---------+---------+-------
